 Dungeon Crawl Stone Soup version 0.25.1-2-g60ff931df9 (webtiles) character file.

Game seed: 10758125535195304481

180 DogServant the Bolt Thrower (level 5, 16/50 HPs)
             Began as a Deep Dwarf Hunter on Oct 22, 2020.
             Quit the game on level 3 of the Dungeon.
             The game lasted 00:03:37 (1885 turns).

DogServant the Bolt Thrower (Deep Dwarf Hunter)     Turns: 1885, Time: 00:03:38

Health: 16/50      AC:  5    Str: 17    XL:     5   Next: 33%
Magic:  5/5        EV: 12    Int: 11    God:
Gold:   120        SH:  0    Dex: 13    Spells: 4/4 levels left

rFire    x . .     SeeInvis .   a - +1 hand crossbow
rCold    + . .     Gourm    .   (no shield)
rNeg     . . .     Faith    .   c - +0 leather armour
rPois    .         Spirit   .   j - +1 helmet
rElec    .         Reflect  .   (no cloak)
rCorr    .         Harm     .   (no gloves)
MR       .....                  (no boots)
Stlth    +.........             (no amulet)
HPRegen  0.00/turn              e - ring of ice
MPRegen  0.09/turn              (no ring)

@: non-regenerating
A: damage resistance, heal wounds, sense surroundings 1, no regeneration
a: Heal Wounds


You were on level 3 of the Dungeon.
You were not hungry.

You visited 1 branch of the dungeon, and saw 3 of its levels.

You collected 120 gold pieces.

Inventory:

Hand Weapons
 a - a +1 hand crossbow (weapon)
 q - a +1 dagger of venom
Missiles
 d - 35 bolts (quivered)
Armour
 c - a +0 leather armour (worn)
 i - a +0 tower shield
 j - a +1 helmet (worn)
 m - a +0 kite shield
Jewellery
 e - a ring of ice (left hand)
Scrolls
 b - a scroll of fog {unknown}
 k - 2 scrolls of enchant weapon {unknown}
 l - 2 scrolls of identify {unknown}
 p - a scroll of teleportation {unknown}
Potions
 h - a potion of berserk rage {unknown}
 n - a potion of lignification {unknown}
 o - a potion of invisibility {unknown}
Comestibles
 f - 5 rations
 g - 6 chunks of flesh


   Skills:
 + Level 3.8 Fighting
 + Level 6.0 Crossbows
 - Level 2.1 Dodging
 - Level 1.2 Stealth


You had 4 spell levels left.
You didn't know any spells.
Your spell library was empty.

Dungeon Overview and Level Annotations

Branches:
Dungeon (3/15)

Altars:


Innate Abilities, Weirdness & Mutations

You are resistant to damage.
You can heal yourself by infusing magical energy.
You passively map a small area around you.
You do not regenerate.


Message History

Firing (i - inventory)
d - 37 bolts (quivered)
Press: ? - help, Shift-Dir - straight line, f - bat
Aim: a bat You shoot a bolt.
The bolt closely misses the bat.
The bat barely misses you. The bat hits you but does no damage. x2
Firing (i - inventory)
d - 36 bolts (quivered)
Press: ? - help, Shift-Dir - straight line, f/p - bat
Aim: a bat You shoot a bolt.
The bolt hits the bat!
You kill the bat!
(D) Dungeon
Where to? (Enter - D:2, ? - help)
There is an open door here.
You see here a +0 short sword.
There is a stone staircase leading down here.
You climb downwards.
Found 15 bolts, 26 gold pieces and a glowing diamond ring.
Found a stone staircase leading down.
There is a stone staircase leading up here.
Are you sure you want to abandon this character and quit the game? (Confirm with "yes".)

###########
#....>....#
#.........#
#.(...@...#
#.......$.#
*** *
#.........#
..$........#
,
##.........#
*
#.........#
#....=....#
#.........#
* , *


There were no monsters in sight!

Vanquished Creatures
  A centaur (D:2)
  3 adders (D:2)
  An ooze (D:1)
  2 worms (D:2)
  2 dart slugs (D:2)
  3 leopard geckos
  10 bats
  4 giant cockroaches
  7 goblins
  4 hobgoblins
  5 jackals
  A quokka (D:2)
  A ball python (D:1)
  5 frilled lizards
  4 kobolds
  7 rats
60 creatures vanquished.

Notes
Turn   | Place    | Note
-------+----------+-------------------------------------------
     0 | D:1      | DogServant the Deep Dwarf Hunter began the quest for the
                  | Orb.
     0 | D:1      | Reached XP level 1. HP: 19/19 MP: 1/1
   325 | D:1      | Reached XP level 2. HP: 26/26 MP: 2/2
   596 | D:1      | Reached skill level 5 in Crossbows
   596 | D:1      | Reached XP level 3. HP: 30/33 MP: 3/3
  1017 | D:2      | Noticed a centaur
  1032 | D:2      | Killed a centaur
  1032 | D:2      | Reached XP level 4. HP: 27/42 MP: 4/4
  1345 | D:2      | Reached XP level 5. HP: 47/49 MP: 5/5
  1533 | D:2      | Reached skill level 6 in Crossbows
  1885 | D:3      | Quit the game

Illustrated notes

Levels and vault maps discovered:
D:1:      dpeg_arrival_three_bigger_balls, layout_loops_corners,
          minmay_pentomino_q4
D:2:      layout_basic, marbit_many_paths
D:3:      layout_rooms, eat_drink_and_be_merry_uskayaw, grunt_qazlal_sundering

Skill      XL: |  1  2  3  4  5 |
---------------+----------------+-----
Fighting       | 2 3 |  3.8
Crossbows      | 5 6 |  6.0
Dodging        | |  2.1
Stealth        | |  1.2

Action                   |  1- 3 |  4- 6 || total
-------------------------+-------+-------++-------
Melee: Short sword       |    91 |   108 ||   199
 Fire: Hand crossbow     |     6 |    31 ||    37
 Abil: Heal Wounds       |       |     1 ||     1
  Eat: Chunk             |       |     3 ||     3
Armor: Leather armour    |    41 |    64 ||   105
Dodge: Dodged            |    71 |   136 ||   207
